Unix NetHack Version 5.0.0-0 post-release - last build Jun 10 2026 00:39:30 (3ee93aec679c4c4259841fe613dc97188e26a321,branch:main).

Game began 2026-06-10 17:07:49, ended 2026-06-10 17:20:12.

ARFwashere, lawful male dwarven Archeologist

                                                      ##
                       --------------------------------#     -------
                       |..............................-###   |..<..|
                       | -----     ------...-+--......|# ##  |.....|
                                   |....|...|  |......|#  ###......|
                                   |....|...|  |@.@...|#     -.-----
                                -------|-...----.a....|
                         ---    |%]   |...............|
                         |..     %%   |......G........|
                           _..|  ..-+--..{.....!....@.|
                             .-.--|-.........d.`......|
                              |......-|-----.--|-----.|
                              ---....|..|  +.|(@.|((|.|
                                |....|%(|  |.|..(|((|.|
                                |....|)/|---.|(.(|..|.|
                       | -----+--....----.{..------|-.|
                       |..............................|
                       --------------------------------

ARFwashere the Field Worker  St:17 Dx:8 Co:11 In:14 Wi:16 Ch:10  Lawful
Dlvl:6  $:169 HP:0(27) Pw:10(10) AC:10 Xp:3 T:1703 

Latest messages:
 You see here a chest (for sale, 1287 zorkmids).
 You see here a long sword (for sale, 20 zorkmids).
 You see here a jeweled wand (for sale, 311 zorkmids).
 You hear the chime of a cash register.
 You see here a chest (for sale, 1287 zorkmids).
 You see here a tin (for sale, 9 zorkmids).
 You hear a door open.
 The little dog misses the gnomish wizard.
 The little dog bites it.
 You hear some noises in the distance.
 Ouch!  You bump into a door.
 Ouch!  You bump into a door.
 Ouch!  You bump into a door.
 Ouch!  You bump into a door.
 In what direction? k
 The door resists!
 In what direction? k
 The door resists!
 In what direction? k
 The door resists!
 In what direction? k
 The door resists!
 In what direction? k
 The door resists!
 You hear some noises in the distance.
 The giant ant bites!
 The giant ant bites!
 The giant ant bites!
 The giant ant bites!
 The giant ant bites!
 The giant ant bites!
 It misses the giant ant.
 You hear some noises in the distance.
 The giant ant bites!
 The gnomish wizard casts a spell!
 The gnomish wizard is suddenly moving faster.
 The giant ant bites!
 The giant ant bites!
 The giant ant bites!
 The giant ant bites!
 You begin bashing monsters with your bare hands.
 You miss the giant ant.
 The giant ant bites!
 You die...
 Izchak looks at your corpse and sighs.
 Do you want your possessions identified? [ynq] (y) n
 Do you want to see your attributes? [ynq] (y) n
 Do you want an account of creatures vanquished? [ynaq] (y) n
 Do you want to see your conduct and achievements? [ynq] (y) n
 Do you want to see the dungeon overview? [ynq] (y) n

Inventory:
 Coins    ('$')
  $ - 169 gold pieces
 Armor    ('[')
  z - an uncursed +0 pair of water walking boots
 Comestibles  ('%')
  s - an uncursed slime mold
  t - 2 uncursed lembas wafers
 Potions  ('!')
  o - an uncursed potion of speed
 Rings    ('=')
  q - an uncursed ring of slow digestion
 Tools    ('(')
  C - a blessed magic lamp
 Gems/Stones  ('*')
  g - an uncursed touchstone

ARFwashere the Archeologist's attributes:

Background:
 You were a Field Worker, a level 3 male dwarven Archeologist.
 You were lawful, nominally on a mission for Quetzalcoatl
 who was opposed by Camaxtli (neutral) and Huhetotl (chaotic).
 You were right-handed.
 You were in the Gnomish Mines, on level 6.
 You entered the dungeon 1703 turns ago.
 You had 46 experience points, 34 more were needed to attain level 4.

Basics:
 You had 0 out of 27 hit points.
 You had all 10 energy points (spell power).
 Your armor class was 10.
 Your wallet contained 169 zorkmids.
 Autopickup was on for '$' plus thrown.

Final Characteristics:
 Your strength was 17 (limit:18/100).
 Your dexterity was 8 (limit:20).
 Your constitution was 11 (limit:20).
 Your intelligence was 14 (limit:16).
 Your wisdom was 16 (limit:16).
 Your charisma was 10 (limit:16).

Final Status:
 You weren't hungry.
 You were unencumbered.
 You were bare handed.
 You were unskilled in bare handed combat.
 You weren't wearing any armor.

Final Attributes:
 You were devoutly aligned.
 You had automatic searching.
 You had infravision.
 You are dead.

Miscellaneous:
 You didn't encounter any bones levels.
 Total elapsed playing time was 12 minutes and 22 seconds.

Major events:
 Turn
    1: ARFwashere the lawful male dwarven Archeologist entered the dungeon
 1033: entered the Gnomish Mines
 1475: attained the rank of Field Worker (level 3)
 1481: reached Mine Town
 1703: killed by a giant ant

You didn't know any spells.

Skills:
 Fighting Skills
   bare handed combat [Unskilled]
   two weapon combat  [Unskilled]
   riding             [Unskilled]
 Weapon Skills
   dagger             [Unskilled]
   knife              [Unskilled]
   pick-axe           [Basic]
   short sword        [Unskilled]
   saber              [Unskilled]
   club               [Unskilled]
   quarterstaff       [Unskilled]
   sling              [Unskilled]
   dart               [Unskilled]
   boomerang          [Unskilled]
   whip               [Basic]
   unicorn horn       [Unskilled]
 Spellcasting Skills
   attack spells      [Unskilled]
   healing spells     [Unskilled]
   divination spells  [Unskilled]
   matter spells      [Unskilled]

Voluntary challenges:
 Character rerolling was not enabled.
 You were an atheist.
 You never genocided any monsters.
 You never polymorphed an object.
 You never changed form.
 You used no wishes.
Achievements:
 You entered the Gnomish Mines.
 You attained the rank of Field Worker.
 You entered Minetown.
 You entered a shop.

 The Dungeons of Doom: levels 1 to 4
    Level 1:
       A fountain.
    Level 2:
       A fountain.
    Level 3:
       A fountain.
       Stairs down to The Gnomish Mines.
    Level 4:
       A fountain.
 The Gnomish Mines: levels 4 to 6
    Level 4:
    Level 5:
    Level 6: <- You were here.
       Some shops, an altar, some fountains.
       Final resting place for
          you, killed by a giant ant.


Vanquished creatures:
  a gnome leader
  a gray ooze
  a giant ant
  2 dwarves
  a monkey
  a hobbit
  7 gnomes
  a gecko
  4 jackals
  a kobold
  5 grid bugs
  4 lichens
  a newt
30 creatures vanquished.

No species were genocided or became extinct.

Game over:
                       ----------
                      /          \
                     /    REST    \
                    /      IN      \
                   /     PEACE      \
                  /                  \
                  |    ARFwashere    |
                  |      169 Au      |
                  |   killed by a    |
                  |    giant ant     |
                  |                  |
                  |                  |
                  |       2026       |
                 *|     *  *  *      | *
        _________)/\\_//(\/(/\)/\//\/|_)_______

Goodbye ARFwashere the Archeologist...

You died in The Gnomish Mines on dungeon level 6 with 587 points,
and 169 pieces of gold, after 1703 moves.
You were level 3 with a maximum of 27 hit points when you died.

